 Dungeon Crawl Stone Soup version 0.30-a0-458-g86641cc369 (webtiles) character file.

Game seed: 10376055169969954083

727 cforsyth the Ruffian (level 7, -9/70 HPs)
             Began as a Troll Fighter on Dec 14, 2022.
             Mangled by a gnoll
             ... wielding a +0 flail
              (12 damage)
             ... on level 4 of the Dungeon.
             The game lasted 00:07:28 (3033 turns).

cforsyth the Ruffian (Troll Fighter)                Turns: 3033, Time: 00:07:28

Health: -9/70      AC:  5    Str: 25    XL:     7   Next: 44%
Magic:  6/6        EV:  8    Int:  6    God:
Gold:   201        SH: 13    Dex:  9    Spells: 6/6 levels left

rFire   . . .      SeeInvis .      - Unarmed
rCold   . . .      Faith    .    b - +0 kite shield
rNeg    . . .      Spirit   .    a - +0 robe
rPois   .          Reflect  +    (helmet restricted)
rElec   .          Harm     .    q - +0 cloak
rCorr   .          Rampage  .    (gloves unavailable)
Will    .....                    (boots unavailable)
Stlth   +.........               j - amulet of reflection
HPRegen 1.11/turn                (no ring)
MPRegen 0.10/turn                (no ring)

@: no status effects
A: large, unfitting armour, claws 3, regeneration 1, shaggy fur 1, tough skin 1
a: no special abilities


You were on level 4 of the Dungeon.
You visited 1 branch of the dungeon, and saw 6 of its levels.

You collected 201 gold pieces.

Inventory:

Missiles
 t - 16 stones (quivered)
Armour
 a - a +0 robe (worn)
 b - a +0 kite shield (worn)
 q - a +0 cloak (worn)
Jewellery
 h - a ring of magical power
 j - an amulet of reflection (around neck)
Wands
 o - a wand of roots (6)
Scrolls
 e - a scroll of blinking {unknown}
 f - 5 scrolls of identify {unknown}
 i - 2 scrolls of teleportation {unknown}
 k - a scroll of immolation {unknown}
 l - a scroll of noise {unknown}
 r - a scroll of fear {unknown}
 s - a scroll of summoning {unknown}
 u - a scroll of acquirement {unknown}
 v - a scroll of enchant weapon {unknown}
Potions
 c - 2 potions of might
 d - 2 potions of attraction {unknown}
 g - 2 potions of flight {unknown}
 m - a potion of brilliance {unknown}
 n - 2 potions of curing
 p - a potion of berserk rage


   Skills:
 + Level 4.2 Fighting
 - Level 2.4 Dodging
 + Level 4.5 Shields
 * Level 6.1 Unarmed Combat


You had 6 spell levels left.
You didn't know any spells.
Your spell library contained the following spells:

 Spells                   Type           Power      Damage    Failure   Level
 Magic Dart               Conj           0%         1d3       75%         1
 Searing Ray              Conj           0%         2d4       86%         2
 Fulminant Prism          Conj/Hex       0%         3d5       100%        4


Dungeon Overview and Level Annotations

Branches:
Dungeon (6/15)
 Temple: D:4-7

Altars:
Xom
Yredelemnul


Innate Abilities, Weirdness & Mutations

You are too large for most types of armour.
You have claws for hands.
Your natural rate of healing is unusually fast.
You are covered in fur. (AC +1)
You have tough skin. (AC +1)


Message History

Unknown command.
You claw the gnoll!
The gnoll is severely wounded.
You block the gnoll's attack. The black bear bites you.
You block the black bear's attack.
The black bear claws you but does no damage.
The gnoll closely misses you.
Unknown command.
Unknown command.
You scratch the gnoll.
The gnoll is almost dead.
You block the gnoll's attack. The black bear closely misses you.
The black bear claws you. The black bear completely misses you.
Unknown command.
Unknown command.
You barely miss the gnoll.
The gnoll is almost dead.
The gnoll hits you with a +0 flail!
* * * LOW HITPOINT WARNING * * *
The black bear bites you but does no damage.
You block the black bear's attack. The black bear closely misses you.
The gnoll closely misses you.
Unknown command.
You closely miss the gnoll.
The gnoll is almost dead.
The gnoll hits you with a +0 flail!
* * * LOW HITPOINT WARNING * * *
You block the black bear's attack. The black bear claws you.
* * * LOW HITPOINT WARNING * * *
The black bear barely misses you.
Unknown command.
Unknown command.
It was a potion of curing.
You feel better. The gnoll hits you with a +0 flail.
* * * LOW HITPOINT WARNING * * *
The black bear bites you.
* * * LOW HITPOINT WARNING * * *
The black bear claws you.
* * * LOW HITPOINT WARNING * * *
You block the black bear's attack. The gnoll hits you with a +0 flail!
You die...

+#.♣♣♣♣♣..P♣♣♣P♣§#.#
#.# #P.P♣P.♣♣..♣♣♣.§#.#
#.# #♣[♣..P..♣♣♣♣§§§#.#
#.. ♣....P♣....§§♣♣§#.#
### ♣...♣..P..§§♣§♣§#.#
♣.♣♣..♣..♣♣♣♣♣♣P.#.# #.
♣.......♣ ♣.....# ..
.♣..P.^..♣.♣♣o♣...# #
♣......@..♣o..#...#
......#gh8..♣)♣#.#.#
#..♣.....g.♣.♣.♣♣.#...
#..♣.#...#.....♣..#.###
...........♣♣.♣.#.#
#...._. ♣.♣♣P...#.#
#♣..... .. . ♣.#... ...
..


You could see a black bear, a gnoll (berserk) and a goblin.

Vanquished Creatures
  A gnoll sergeant (D:6)
  A scorpion (D:6)
  3 hounds
  A gnoll bouda (D:6)
  An orc priest (D:6)
  3 iguanas
  8 orc wizards
  8 gnolls
  2 adders
  3 worms (D:3)
  2 dart slugs (D:1)
  15 orcs
  2 endoplasms (D:1)
  2 giant cockroaches (D:3)
  3 goblins
  4 hobgoblins
  8 kobolds
  7 quokkas
  3 ball pythons
  7 bats
  4 frilled lizards
  3 rats
91 creatures vanquished.

Vanquished Creatures (others)
  65 plants (D:4)
65 creatures vanquished.

Grand Total: 156 creatures vanquished

Notes
Turn   | Place    | Note
-------+----------+-------------------------------------------
     0 | D:1      | cforsyth the Troll Fighter began the quest for the Orb.
     0 | D:1      | Reached XP level 1. HP: 22/22 MP: 0/0
   157 | D:1      | Reached XP level 2. HP: 29/29 MP: 1/1
   619 | D:1      | Found a faded altar of an unknown god.
   722 | D:2      | Found a basalt altar of Yredelemnul.
   890 | D:2      | Reached XP level 3. HP: 36/36 MP: 2/2
  1082 | D:2      | Reached skill level 3 in Unarmed Combat
  1311 | D:3      | Reached XP level 4. HP: 44/44 MP: 3/3
  1650 | D:3      | Reached skill level 4 in Unarmed Combat
  1650 | D:3      | Reached XP level 5. HP: 50/53 MP: 4/4
  1955 | D:3      | You fall into a shaft and drop 3 floors!
  1982 | D:6      | Reached XP level 6. HP: 44/61 MP: 5/5
  2045 | D:6      | Reached skill level 5 in Unarmed Combat
  2263 | D:5      | Entered Level 5 of the Dungeon
  2291 | D:6      | Reached XP level 7. HP: 47/68 MP: 0/6
  2824 | D:5      | Reached skill level 6 in Unarmed Combat
  3018 | D:4      | Found a shimmering altar of Xom.
  3033 | D:4      | HP: 3/70 [black bear (4)]
  3033 | D:4      | Mangled by a gnoll

Illustrated notes

Levels and vault maps discovered:
D:1:      onia_arrival_mini_maze_b, layout_basic,
          chequers_ecumenical_altar_grove
D:2:      layout_loops_ring, basic_altar
D:3:      layout_basic, ebering_dispersal_statue_hall
D:4:      wad_woods_stonehenge, layout_basic,
          nicolae_ru_great_annihilating_truth
D:5:      layout_basic, nicolae_overflows_in_rows, serial_shops, shop,
          nicolae_square_shop, kennysheep_mini_moat, shop,
          nicolae_shop_advertising_works [nicolae_subvault_shop_adworks],
          st_stairs_8, feat_on_display
D:6:      layout_rooms, due_unseen_surprise

Skill      XL: |  1  2  3  4  5  6  7 |
---------------+----------------------+-----
Shields        | 3 4 |  4.5
Unarmed Combat | 3 4 5 6 |  6.1
Fighting       | 3 4 |  4.2
Dodging        | |  2.4

Action                   |  1- 3 |  4- 6 |  7- 9 || total
-------------------------+-------+-------+-------++-------
Melee: Unarmed           |    64 |   135 |    96 ||   295
Throw: Stone             |       |     5 |       ||     5
  Use: Potion            |       |       |     1 ||     1
 Stab: Sleeping          |     1 |       |       ||     1
Armor: Robe              |    21 |    34 |    30 ||    85
Dodge: Dodged            |    16 |    36 |    29 ||    81
Block: Kite shield       |    34 |    79 |    68 ||   181
       Reflection        |     1 |       |     1 ||     2

Table legend: (Time is in decaauts)
 A = Elapsed time spent in this place.
 B = Non-inter-level travel time spent in this place.
 C = Inter-level travel time spent in this place.
 D = Time resting spent in this place.
 E = Time spent auto-exploring this place.
 F = Levels seen in this place.
 G = Mean time per level.
                   A        B        C        D        E       F      G
               +--------+--------+--------+--------+--------+-----+--------+
         Total |   3054 |   2968 |     86 |    266 |   1913 |   6 |  509.0 |
       Dungeon |   3054 |   2968 |     86 |    266 |   1913 |   6 |  509.0 |
               +--------+--------+--------+--------+--------+-----+--------+

Top non-repeatable levels by time:
     D:3: 898 daAuts
     D:1: 724 daAuts
     D:2: 576 daAuts
     D:6: 396 daAuts
     D:4: 233 daAuts
     D:5: 224 daAuts
